 Dungeon Crawl Stone Soup version 0.31-a0-360-gb3e1d13bf4 (webtiles) character file.

Game seed: 7550837239559105469

147 cforsyth the Charlatan (level 5, -3/41 HPs)
             Began as a Gnoll Artificer on July 27, 2023.
             Succumbed to an orc wizard's poison
             ... on level 2 of the Dungeon.
             The game lasted 00:03:55 (4021 turns).

cforsyth the Charlatan (Gnoll Artificer)            Turns: 4021, Time: 00:03:55

Health: -3/41      AC:  4    Str: 14    XL:     5   Next: 29%
Magic:  6/7        EV: 11    Int: 13    God:
Gold:   154        SH:  4    Dex: 12    Spells: 6/6 levels left

rFire   . . .        n - +7 hand axe of the Kissing Gods {heavy, Fragile rElec Str+3}
rCold   . . .        g - +0 buckler
rNeg    . . .        b - +0 leather armour
rPois   .            (no helmet)
rElec   +            f - +0 cloak
rCorr   .            (no gloves)
SInv    .            (no boots)
Will    +....        (no amulet)
Stlth   ++           u - ring of willpower
HPRegen 0.26/turn    (no ring)
MPRegen 0.10/turn

%: no passive effects
@: brilliant, lethally poisoned (-3 -> -27), attractive
A: fangs 1, strong nose, distributed training
a: no special abilities


You were on level 2 of the Dungeon.
You visited 1 branch of the dungeon, and saw 3 of its levels.

You collected 154 gold pieces.

Inventory:

Hand Weapons
 a - a +0 club
 n - the +7 hand axe of the Kissing Gods (weapon) {heavy, Fragile rElec Str+3}
   (You found it on level 2 of the Dungeon)

   Str:       It affects your strength (+3).
   rElec:     It insulates you from electricity.
   Fragile:   It will be destroyed if unequipped.
Armour
 b - a +0 leather armour (worn)
 f - a +0 cloak (worn)
 g - a +0 buckler (worn)
Jewellery
 u - a ring of willpower (left hand)
Wands
 c - a wand of flame (15) (quivered)
 d - a wand of charming (15)
 e - a wand of iceblast (5)
 q - a wand of polymorph (12)
Scrolls
 h - 4 scrolls of teleportation
 j - a scroll of poison {unknown}
 l - 2 scrolls of amnesia {unknown}
 t - 2 scrolls of identify {unknown}
 v - a scroll of enchant armour {unknown}
Potions
 i - a potion of curing {unknown}
 k - 2 potions of brilliance
 o - a potion of heal wounds {unknown}
 p - a potion of cancellation {unknown}
 r - a potion of magic {unknown}
 s - a potion of mutation {unknown}


   Skills:
 + Level 3.0 Fighting
 + Level 1.4 Short Blades
 + Level 1.4 Long Blades
 + Level 1.4 Axes
 + Level 1.4 Maces & Flails
 + Level 1.4 Polearms
 + Level 1.4 Staves
 + Level 1.4 Ranged Weapons
 + Level 1.4 Throwing
 + Level 4.8 Armour
 + Level 3.0 Dodging
 + Level 2.7 Stealth
 + Level 1.4 Shields
 + Level 1.4 Unarmed Combat
 + Level 1.4 Spellcasting
 + Level 1.1 Conjurations
 + Level 1.1 Hexes
 + Level 1.1 Summonings
 + Level 1.1 Necromancy
 + Level 1.1 Translocations
 + Level 1.1 Transmutations
 + Level 1.1 Fire Magic
 + Level 1.1 Ice Magic
 + Level 1.1 Air Magic
 + Level 1.1 Earth Magic
 + Level 1.1 Poison Magic
 + Level 1.6 Invocations
 + Level 6.7 Evocations
 + Level 1.1 Shapeshifting


You had 6 spell levels left.
You didn't know any spells.
Your spell library was empty.

Dungeon Overview and Level Annotations

Branches:
Dungeon (3/15)

Altars:


Innate Abilities, Weirdness & Mutations

You have very sharp teeth.
Your uncanny sense of smell can sniff out nearby items.
Your experience applies equally to all skills.


Message History

You closely miss the orc wizard. You bite the orc wizard.
The orc wizard is lightly wounded.
The orc wizard gestures at you while chanting.
The magic dart hits you. The orc wizard casts a spell at you.
The puff of flame hits you!
You hit the orc wizard but do no damage.
The orc wizard is lightly wounded.
The orc wizard hits you but does no damage.
You are poisoned.
The orc wizard misses you.
Unknown command.
You barely miss the orc wizard. Your bite misses the orc wizard.
The orc wizard is lightly wounded.
You feel very sick.
The orc wizard hits you but does no damage.
The orc wizard gestures wildly while chanting.
The orc wizard flickers and vanishes!
Deactivating autopickup; reactivate with Ctrl-A.
You closely miss something.
You feel sick. Something hits you. Something hits you but does no damage.
You hit something.
You feel sick. Something hits you but does no damage.
You are more poisoned.
Something hits you but does no damage.
You barely miss something.
You feel very sick. Something hits you.
* * * LOW HITPOINT WARNING * * *
You are lethally poisoned!
Something completely misses you.
It was a potion of brilliance.
You feel clever all of a sudden.
* * * LOW HITPOINT WARNING * * *
You feel very sick. Something hits you.
* * * LOW HITPOINT WARNING * * *
You are more poisoned.
It was a potion of attraction.
You feel attractive to monsters.
You die...

....#.#* ##.## *,,,,,,,*,* *,
...#.## #.# *,,,,,,,*)***,
......# #.# *,,....,*,,,,,
##.##.# ##'## *,.....,*****,
##.##.# ##...## *,....,.# *,
...##.###.....## *>..),..# ***,
#.###.##.......## ##.###.##**,,,
...##.#.........####........,,,*,
......'.........@{o........,,,,,,
...##.#.........##o....##.#**,,**
#.###.##......>###.#......# *,,**
......###.....## #....##### *,,**
.###### ##...## ##.#.# *,,,, .#
##'## #.#.#******,*** .# #.#
#.#..,,,,,,,* * .# ###.#####
#.####******* * .# #.......# #.#
*


You could see 2 orcs.

Vanquished Creatures
  2 orc priests (D:2)
  2 adders (D:3)
  3 worms
  2 dart slugs
  3 orcs
  3 bats
  3 endoplasms
  3 giant cockroaches
  4 goblins
  6 hobgoblins
  3 jackals (D:1)
  A quokka (D:2)
  7 ball pythons
  2 frilled lizards
  2 kobolds
  7 rats
53 creatures vanquished.

Notes
Turn   | Place    | Note
-------+----------+-------------------------------------------
     0 | D:1      | cforsyth the Gnoll Artificer began the quest for the Orb.
     0 | D:1      | Reached XP level 1. HP: 17/17 MP: 1/1
   229 | D:1      | Reached XP level 2. HP: 19/23 MP: 2/2
   360 | D:1      | Found a faded altar of an unknown god.
   666 | D:2      | Reached XP level 3. HP: 28/28 MP: 3/3
  1470 | D:2      | Identified the +7 hand axe of the Kissing Gods {heavy,
                  | Fragile rElec Str+3}
  1536 | D:2      | Reached skill level 1 in Invocations
  1943 | D:2      | Reached skill level 1 in Short Blades
  1943 | D:2      | Reached skill level 1 in Long Blades
  1943 | D:2      | Reached skill level 1 in Axes
  1943 | D:2      | Reached skill level 1 in Maces & Flails
  1943 | D:2      | Reached skill level 1 in Polearms
  1943 | D:2      | Reached skill level 1 in Staves
  1943 | D:2      | Reached skill level 1 in Ranged Weapons
  1943 | D:2      | Reached skill level 1 in Throwing
  1943 | D:2      | Reached skill level 1 in Shields
  1943 | D:2      | Reached skill level 1 in Unarmed Combat
  1943 | D:2      | Reached skill level 1 in Spellcasting
  2342 | D:3      | Reached XP level 4. HP: 32/34 MP: 5/5
  2831 | D:3      | Reached skill level 1 in Conjurations
  2831 | D:3      | Reached skill level 1 in Hexes
  2831 | D:3      | Reached skill level 1 in Summonings
  2831 | D:3      | Reached skill level 1 in Necromancy
  2831 | D:3      | Reached skill level 1 in Translocations
  2831 | D:3      | Reached skill level 1 in Transmutations
  2831 | D:3      | Reached skill level 1 in Fire Magic
  2831 | D:3      | Reached skill level 1 in Ice Magic
  2831 | D:3      | Reached skill level 1 in Air Magic
  2831 | D:3      | Reached skill level 1 in Earth Magic
  2831 | D:3      | Reached skill level 1 in Poison Magic
  2831 | D:3      | Reached skill level 1 in Shapeshifting
  4012 | D:2      | Reached XP level 5. HP: 40/40 MP: 5/7
  4021 | D:2      | Succumbed to an orc wizard's poison

Illustrated notes

Levels and vault maps discovered:
D:1:      mrwooster_arrival_statue_2, layout_rooms,
          dreamdust_ecumenical_altar_angels_and_demons
D:2:      cheibrodos_pilgrimage, layout_loops_corners, grunt_ministairs_7
D:3:      layout_basic, kennysheep_generic_room_10

Skill      XL: |  1  2  3  4  5 |
---------------+----------------+-----
Invocations    | 1 |  1.6
Short Blades   | 1 |  1.4
Long Blades    | 1 |  1.4
Axes           | 1 |  1.4
Maces & Flails | 1 |  1.4
Polearms       | 1 |  1.4
Staves         | 1 |  1.4
Ranged Weapons | 1 |  1.4
Throwing       | 1 |  1.4
Shields        | 1 |  1.4
Unarmed Combat | 1 |  1.4
Spellcasting   | 1 |  1.4
Conjurations   | 1 |  1.1
Hexes          | 1 |  1.1
Summonings     | 1 |  1.1
Necromancy     | 1 |  1.1
Translocations | 1 |  1.1
Transmutations | 1 |  1.1
Fire Magic     | 1 |  1.1
Ice Magic      | 1 |  1.1
Air Magic      | 1 |  1.1
Earth Magic    | 1 |  1.1
Poison Magic   | 1 |  1.1
Shapeshifting  | 1 |  1.1
Fighting       | 3 |  3.0
Dodging        | 3 |  3.0
Armour         | |  4.8
Stealth        | |  2.7
Evocations     | |  6.7

Action                     |  1- 3 |  4- 6 || total
---------------------------+-------+-------++-------
  Melee: Club              |    97 |       ||    97
         Bite              |    10 |     5 ||    15
         Hand axe          |    23 |    35 ||    58
    Use: Scroll            |     1 |       ||     1
         Potion            |       |     2 ||     2
   Stab: Sleeping          |     5 |     2 ||     7
 Armour: Leather armour    |    36 |    10 ||    46
  Dodge: Dodged            |    71 |    11 ||    82
  Block: Buckler           |    31 |     1 ||    32

Table legend: (Time is in decaauts)
 A = Elapsed time spent in this place.
 B = Non-inter-level travel time spent in this place.
 C = Inter-level travel time spent in this place.
 D = Time resting spent in this place.
 E = Time spent auto-exploring this place.
 F = Levels seen in this place.
 G = Mean time per level.
                   A        B        C        D        E       F      G
               +--------+--------+--------+--------+--------+-----+--------+
         Total |   4107 |   4041 |     66 |    507 |   2963 |   3 | 1369.0 |
       Dungeon |   4107 |   4041 |     66 |    507 |   2963 |   3 | 1369.0 |
               +--------+--------+--------+--------+--------+-----+--------+

Top non-repeatable levels by time:
     D:2: 1950 daAuts
     D:3: 1415 daAuts
     D:1: 741 daAuts
